Map: Triton LE

Players

mdanshin

  • Race: Terran Terran
  • League: Silver
  • Spawn Location: 5:00

asapKOTTI - Winner!

  • Race: Terran Terran
  • League: Silver
  • Spawn Location: 11:00

VOD

Have the link to the VOD?

Description

Time

  • Played on: Feb. 21, 2020, 12:18 p.m.
  • Length: 8:07
Show
View Real Time Build Order
Export as new Build Order

mdanshin Terran 

Build Orders:  

Get SALT Encoding   

  12  0:01  SCV  
  13  0:13  SCV  
  14  0:18  Supply Depot  
  14  0:25  SCV  
  15  0:40  SCV  
  15  0:42  Barracks  
  16  0:50  Refinery  
  16  0:52  SCV  
  17  1:04  SCV  
  18  1:16  SCV  
  19  1:28  SCV, Marine  
  21  1:40  SCV  
  21  1:44  Barracks  
  21  1:46  Marine  
  23  1:51  Supply Depot  
  23  2:12  Marine  
  24  2:16  Supply Depot  
  24  2:22  SCV  
  24  2:34  SCV  
  24  2:50  Marine  
  23  2:52  Marine  
  23  3:07  Marine, Barracks  
  23  3:10  Marine, Barracks  
  23  3:11  Barracks  
  25  3:22  Command Center  
  25  3:25  Marine  
  25  3:27  Marine  
  24  3:43  Marine  
  24  3:59  Marine x3  
  24  4:01  Marine  
  28  4:17  Marine x3  
  28  4:19  Marine  
  33  4:35  Marine x3  
  33  4:37  Marine  
  36  4:51  SCV  
  37  4:52  Marine  
  38  5:03  SCV  
  38  5:05  SCV  
  40  5:15  SCV  
  40  5:18  SCV  
  40  5:19  Refinery, Factory  
  42  5:21  Factory  
  42  5:26  Marine  
  42  5:27  SCV, Marine x3  
  47  5:30  SCV  
  48  5:37  Refinery  
  48  5:39  SCV, Refinery  
  48  5:42  SCV  
  50  5:44  Marine x2  
  50  5:45  Marine x2  
  54  5:57  SCV  
  54  5:58  Supply Depot  
  54  6:10  Marine x3  
  54  6:16  SCV, Marine  
  39  6:37  Marine  
  39  6:38  Marine x3  
  34  6:55  Marine  
  34  6:56  Marine x3  
  38  7:13  Marine  
  38  7:14  Marine x3  
  42  7:17  Bunker  
  42  7:18  Bunker  
  42  7:24  Factory Tech Lab  
  42  7:31  Marine x4  
Show
View Real Time Build Order
Export as new Build Order

asapKOTTI Terran - Winner!

Build Orders: Gas First Reaper Expand 

Get SALT Encoding   

  12  0:01  SCV  
  13  0:13  SCV  
  14  0:17  Supply Depot  
  14  0:25  SCV  
  14  0:27  Refinery  
  15  0:38  SCV  
  16  0:45  Barracks  
  16  0:51  SCV  
  17  1:04  SCV  
  18  1:26  SCV  
  19  1:36  Command Center  
  19  1:40  Reaper  
  19  1:46  Orbital Command  
  20  1:56  Supply Depot  
  20  2:04  Factory  
  20  2:12  SCV  
  21  2:17  Barracks Reactor  
  21  2:23  Refinery  
  21  2:24  SCV  
  22  2:36  SCV  
  23  2:52  Factory Tech Lab  
  23  2:56  Barracks x2  
  23  2:58  Orbital Command  
  23  2:59  SCV  
  23  3:05  Bunker  
  24  3:09  Marine x2  
  26  3:13  Siege Tank  
  29  3:20  SCV  
  29  3:31  SCV  
  29  3:32  SCV  
  31  3:43  SCV  
  31  3:44  SCV, Marine x2  
  31  3:45  Barracks Reactor, Barracks Tech Lab  
  35  3:58  SCV x2, Supply Depot  
  37  4:06  Engineering Bay x2  
  36  4:18  SCV x2  
  36  4:22  Refinery  
  38  4:28  Stimpack  
  38  4:30  SCV x2, Marine, Siege Tank  
  38  4:31  Marine  
  45  4:37  Starport  
  45  4:42  SCV x2  
  47  4:58  Marauder, Marine x2  
  47  4:59  SCV, Marine x2  
  54  5:00  SCV  
  54  5:14  Supply Depot x3  
  54  5:19  Starport Reactor  
  54  5:35  SCV x2, Marine x5, Siege Tank  
  64  5:37  Supply Depot  
  64  5:41  Supply Depot  
  64  5:43  Terran Infantry Weapons Level 1, Terran Infantry Armor Level 1  
  64  5:45  Missile Turret  
  64  5:47  SCV x2  
  66  5:52  Missile Turret  
  66  5:57  Medivac x2  
  66  5:59  SCV x2  
  70  6:22  Marine x3  
  70  6:23  Marauder, Marine, Siege Tank  
  79  6:27  SCV x2, Supply Depot  
  79  6:30  Supply Depot  
  78  6:46  Marine x2  
  78  6:47  Medivac, Marauder, Marine x2  
  82  6:48  Medivac  
  88  7:09  Supply Depot  
  88  7:10  Supply Depot  
  88  7:13  Barracks  
  88  7:14  Barracks  
  88  7:17  Command Center, Liberator x2  
  88  7:20  Refinery  
  88  7:21  Armory  
  94  7:23  Supply Depot, Marine x2  
  94  7:24  Marine x3  
  94  7:25  Supply Depot  
Tags
 
Add a new tag
Caveats
  • Supply blocks, unpowered buildings, or Contaminate may cause inaccurate times.
  • Supply counts are checked every 10 seconds.